 Dungeon Crawl Stone Soup version 0.27.0-1-g7a089689b8 (webtiles) character file.

Game seed: 13659635912933593663

67 PentaManta the Cudgeller (level 4, -4/28 HPs)
             Began as a Gargoyle Monk on Aug 10, 2021.
             Slain by a water moccasin (6 damage)
             ... on level 3 of the Dungeon.
             The game lasted 00:06:38 (4434 turns).

PentaManta the Cudgeller (Gargoyle Monk)            Turns: 4434, Time: 00:06:39

Health: -4/28      AC: 12    Str: 15    XL:     4   Next: 18%
Magic:  4/4        EV:  6    Int: 11    God:
Gold:   103        SH:  0    Dex: 12    Spells: 3/3 levels left

rFire    . . .     SeeInvis .   a - +0 mace
rCold    . . .     Faith    .   (no shield)
rNeg     + . .     Spirit   .   i - +0 chain mail
rPois    ∞         Reflect  .   (no helmet)
rElec    +         Harm     .   l - +0 cloak
rCorr    .         Rampage  .   (no gloves)
Will     .....                  (no boots)
Stlth    ..........             (no amulet)
HPRegen  0.09/turn              (no ring)
MPRegen  0.09/turn              (no ring)

@: no status effects
A: sickness immunity, AC +3, negative energy resistance 1, electricity
resistance, torment resistance 1, petrification resistance
a: no special abilities


You were on level 3 of the Dungeon.
You visited 1 branch of the dungeon, and saw 3 of its levels.

You collected 103 gold pieces.

Inventory:

Hand Weapons
 a - a +0 mace (weapon)
 e - a +0 dagger
 j - a +0 hunting sling
 n - a +0 whip
Missiles
 k - 13 sling bullets
Armour
 i - a +0 chain mail (worn)
 l - a +0 cloak (worn)
 m - a +0 leather armour
Scrolls
 d - 3 scrolls of identify {unknown}
 f - a scroll of teleportation {unknown}
 o - a scroll of enchant armour {unknown}
Potions
 c - a potion of cancellation {unknown}
 g - a potion of mutation {unknown}
 h - a potion of might {unknown}


   Skills:
 + Level 3.3 Fighting
 * Level 4.9 Maces & Flails
 - Level 2.4 Dodging
 - Level 2.1 Stealth


You had 3 spell levels left.
You didn't know any spells.
Your spell library contained the following spells:

 Spells                   Type           Power      Damage    Failure   Level
 Static Discharge         Conj/Air       0%         N/A       100%        2
 Dispel Undead            Necr           0%         3d6       100%        4
 Sticky Flame             Conj/Fire      0%         2d3       100%        4


Dungeon Overview and Level Annotations

Branches:
Dungeon (3/15)

Altars:
Elyvilon


Innate Abilities, Weirdness & Mutations

You are immune to sickness and miasma.
Your stone body is resilient. (AC +3)
You are immune to poison.
You resist negative energy. (rN+)
You are resistant to electric shocks. (rElec)
You are resistant to unholy torment.
You are immune to petrification.


Message History

The water moccasin is severely wounded.
The water moccasin bites you but does no damage.
The water moccasin barely misses you.
You closely miss the water moccasin.
The water moccasin is severely wounded.
The water moccasin bites you. x2
* * * LOW HITPOINT WARNING * * *
You feel better. The water moccasin bites you.
* * * LOW HITPOINT WARNING * * *
You barely miss the water moccasin.
The water moccasin is severely wounded.
The water moccasin bites you but does no damage.
The water moccasin bites you.
* * * LOW HITPOINT WARNING * * *
You barely miss the water moccasin.
The water moccasin is severely wounded.
The water moccasin bites you.
* * * LOW HITPOINT WARNING * * *
The water moccasin bites you but does no damage.
You hit the water moccasin.
The water moccasin is severely wounded.
The water moccasin bites you but does no damage.
You miss the water moccasin.
The water moccasin is severely wounded.
The water moccasin bites you but does no damage. x2
You miss the water moccasin.
The water moccasin is severely wounded.
The water moccasin bites you but does no damage.
You completely miss the water moccasin.
The water moccasin is severely wounded.
The water moccasin bites you.
* * * LOW HITPOINT WARNING * * *
The water moccasin bites you but does no damage.
You closely miss the water moccasin.
The water moccasin is severely wounded.
The water moccasin bites you but does no damage.
You completely miss the water moccasin.
The water moccasin is severely wounded.
The water moccasin bites you.
You die...

# ###.#....# ......##. #
#........#.#.###........ #
###.#...#..#.#.....)......
# #...#####..#.# #.# #
#.....###..#.# #.# #
#.......#..#.# #.#
##....#+#..#.# #.#
####......#.#####.##
#######.........@S....#
.............##########
...................#
...........#.#####.#
.#......#.##.# #.#
.#......#.##.# #.#
.#......#<##.# #.#
.............# #.#
##......##########.#


You could see a water moccasin.

Vanquished Creatures
  An adder (D:2)
  2 worms
  4 ball pythons
  4 bats
  4 endoplasms
  2 giant cockroaches
  7 goblins
  7 hobgoblins
  5 kobolds
  2 quokkas
  2 frilled lizards
  7 rats
47 creatures vanquished.

Notes
Turn   | Place    | Note
-------+----------+-------------------------------------------
     0 | D:1      | PentaManta the Gargoyle Monk began the quest for the Orb.
     0 | D:1      | Reached XP level 1. HP: 14/14 MP: 1/1
   337 | D:1      | Reached XP level 2. HP: 19/19 MP: 2/2
  1106 | D:1      | Reached skill level 4 in Maces & Flails
  1897 | D:1      | Reached XP level 3. HP: 3/23 MP: 3/3
  3683 | D:3      | Reached XP level 4. HP: 28/28 MP: 4/4
  4063 | D:3      | Found a white marble altar of Elyvilon.
  4393 | D:3      | Noticed a water moccasin
  4434 | D:3      | Slain by a water moccasin

Illustrated notes

Levels and vault maps discovered:
D:1:      psy_arrival_basics, layout_rooms
D:2:      layout_loops_corners
D:3:      layout_basic, elyvilon_altar_1

Skill      XL: |  1  2 |
---------------+-------+-----
Maces & Flails | 4 |  4.9
Fighting       | |  3.3
Dodging        | |  2.4
Stealth        | |  2.1

Action                   |  1- 3 |  4- 6 || total
-------------------------+-------+-------++-------
Melee: Mace              |    64 |    12 ||    76
       Dagger            |   148 |    10 ||   158
       Whip              |    24 |    52 ||    76
  Use: Potion            |       |     2 ||     2
 Stab: Sleeping          |     2 |       ||     2
Armor: Robe              |    30 |       ||    30
       Chain mail        |   106 |    61 ||   167
Dodge: Dodged            |    75 |    25 ||   100
